 Dungeon Crawl Stone Soup version 0.26-a0-631-ged93497179 (webtiles) character file.

Game seed: 14310299887531760062

3822 Murumi the Fighter (level 10, -5/113 HPs)
             Began as an Ogre Conjurer on Sept 12, 2020.
             Was an Elder of Okawaru.
             Slain by an orc warlord
             ... wielding a +2 long sword of holy wrath
              (35 damage)
             ... in a bailey.
             The game lasted 00:45:39 (11442 turns).

Murumi the Fighter (Ogre Conjurer)                 Turns: 11442, Time: 00:45:40

Health: -5/113     AC:  8    Str: 16    XL:     10   Next: 17%
Magic:  16/16      EV: 16    Int: 19    God:    Okawaru [****..]
Gold:   482        SH:  0    Dex: 13    Spells: 14/17 levels left

rFire    . . .     SeeInvis .   m - +1 whip
rCold    . . .     Faith    .   (no shield)
rNeg     . . .     Spirit   .   a - +1 robe
rPois    .         Reflect  .   (helmet restricted)
rElec    .         Harm     .   (no cloak)
rCorr    .         Rampage  .   (gloves unavailable)
MR       +....                  (boots unavailable)
Stlth    +++.......             q - amulet of regeneration
HPRegen  0.68/turn              b - +4 ring of protection
MPRegen  0.15/turn              k - +6 ring of dexterity

@: mighty, heroism
A: large, unfitting armour, tough skin 1
a: Heroism, Renounce Religion


You were in a bailey.
You worshipped Okawaru.
Okawaru was greatly pleased with you.
You visited 2 branches of the dungeon, and saw 9 of its levels.
You also visited: Bailey.

You collected 524 gold pieces.
You spent 42 gold pieces at shops.

Inventory:

Hand Weapons
 m - a +1 whip (weapon)
 x - a cursed +3 morningstar of freezing
 A - a +0 giant spiked club
Armour
 a - a +1 robe (worn)
Jewellery
 b - a +4 ring of protection (left hand)
 i - an uncursed amulet of guardian spirit
 k - a +6 ring of dexterity (right hand)
 q - an amulet of regeneration (around neck)
Wands
 l - a wand of polymorph (3)
 r - a wand of flame (36)
 u - a wand of iceblast (11)
 z - a wand of random effects (14)
Scrolls
 e - 4 scrolls of amnesia
 f - 3 scrolls of teleportation
 o - a scroll of enchant armour
 p - 3 scrolls of magic mapping
 y - 2 scrolls of remove curse
Potions
 c - 6 potions of curing
 g - a potion of cancellation


   Skills:
 - Level 11.0(16.0) Fighting
 + Level 6.4(11.4) Maces & Flails
 - Level 2.0(7.0) Armour
 - Level 6.0(11.0) Dodging
 - Level 1.4(6.4) Stealth
 - Level 4.0 Spellcasting
 - Level 4.0 Conjurations
 - Level 4.0 Invocations
 - Level 2.0 Evocations


You had 14 spell levels left.
You knew the following spells:

 Your Spells              Type           Power        Failure   Level
a - Magic Dart            Conj           ###.         2%          1
b - Searing Ray           Conj           ###...       4%          2

Your spell library contained the following spells:

 Spells                   Type           Power        Failure   Level
 Animate Skeleton         Necr           #.....       14%         1
 Apportation              Tloc           #.....       14%         1
 Corona                   Hex            #......      14%         1
 Summon Small Mammal      Summ           #...         14%         1
 Dazzling Flash           Conj/Hex       ##....       19%         3
 Call Imp                 Summ           #.......     21%         2
 Call Canine Familiar     Summ           #.......     38%         3
 Summon Guardian Golem    Hex/Summ       #.......     38%         3
 Fulminant Prism          Conj/Hex       ##........   52%         4
 Iskenderun's Mystic Bla  Conj/Tloc      ##......     52%         4
 Summon Ice Beast         Ice/Summ       #.......     80%         4
 Summon Lightning Spire   Summ/Air       #.......     80%         4


Dungeon Overview and Level Annotations

Branches:
Dungeon (8/15)             Temple (1/1) D:4          Bailey (1/1)
   Lair: D:8-11

Altars:
Ashenzari
Cheibriados
Dithmenos
Elyvilon
Fedhas
Gozag
Hepliaklqana
Kikubaaqudgha
Makhleb
Nemelex Xobeh
Okawaru
Qazlal
Ru
Trog
Uskayaw
Vehumet
Wu Jian
Xom
Yredelemnul
Zin
The Shining One

Shops:
D:5 *   D:8 }


Innate Abilities, Weirdness & Mutations

You are too large for most types of armour.
You have tough skin. (AC +1)


Message History

You kill the goblin! (Press . to maintain the ray.)
The orc warrior shouts!
The searing ray hits the orc warlord.
The orc warlord is lightly wounded.
The searing ray hits the orc warlord.
The orc warlord is lightly wounded.
The searing ray hits the orc warrior but does no damage.
The orc warlord hits you with a +2 long sword of holy wrath!!
The searing ray hits the orc warlord!
The orc warlord is lightly wounded.
The searing ray hits the orc warrior!
The orc warrior is moderately wounded.
You finish channeling your searing ray.
The orc warlord hits you but does no damage.
The orc warlord hits you with a +2 long sword of holy wrath!!
* * * LOW HITPOINT WARNING * * *
It was a potion of magic.
Magic courses through your body.
The orc warlord hits you with a +2 long sword of holy wrath!!
You die...

.........###.........##
..........#.).........#
.........))...).......#
....⌠.....#)....⌠.....#
....o.....#.).........#
...o......#...........#
.o.......###.........###
)#.....###
###.oo).#)#.### §###.###
###@###)))..## ...###
###.)).)....# )..)#
#8..).....?. ....#
#8.......... ....#
.'.....⌠....∩ ....#
..#8.......... ....#
...##8.......... ...##
... ##..)......# .### .#
###.)...##


You could see an orc warlord and an orc warrior (strong).

Vanquished Creatures
  Joseph (D:7)
  A water moccasin (D:7)
  7 orc warriors (Bailey)
  An ice beast (D:5)
  2 sky beasts
  5 phantoms
  2 ogres
  3 centaurs
  Blork the orc (D:5)
  2 bullfrogs (D:7)
  A scorpion (D:5)
  4 wights (D:7)
  A howler monkey (D:7)
  2 bullfrog zombies (D:7)
  A centaur zombie (D:5)
  A hound (D:7)
  3 orc priests
  A bullfrog skeleton (D:6)
  A jelly (D:5)
  9 orc wizards
  2 iguanas
  6 worker ants
  10 gnolls
  A howler monkey skeleton (D:6)
  14 adders
  5 shadow imps
  2 white imps
  An ufetubus (D:5)
  An adder zombie (D:6)
  2 adder skeletons (D:5)
  2 dart slugs
  10 leopard geckos
  28 orcs
  4 giant cockroaches
  17 hobgoblins
  12 jackals
  2 kobolds (D:1)
  A quokka (D:5)
  A ball python (D:1)
  4 bats
  4 frilled lizards
  30 goblins
  A leopard gecko skeleton (D:7)
  2 quokka skeletons (D:6)
  7 rats
218 creatures vanquished.

Notes
Turn   | Place    | Note
-------+----------+-------------------------------------------
     0 | D:1      | Murumi the Ogre Conjurer began the quest for the Orb.
     0 | D:1      | Reached XP level 1. HP: 16/16 MP: 3/3
    28 | D:1      | Learned a level 1 spell: Magic Dart
   174 | D:1      | Reached XP level 2. HP: 24/24 MP: 0/5
   477 | D:1      | Learned a level 2 spell: Searing Ray
   776 | D:1      | Reached skill level 1 in Fighting
   812 | D:1      | Reached XP level 3. HP: 33/33 MP: 5/7
   971 | D:2      | Found a sparkling altar of Nemelex Xobeh.
   971 | D:2      | Found a stormy altar of Qazlal.
  1008 | D:2      | Reached skill level 2 in Fighting
  1217 | D:2      | Found a stormy altar of Qazlal.
  1268 | D:2      | Found an ancient bone altar of Kikubaaqudgha.
  1433 | D:2      | Reached skill level 1 in Maces & Flails
  1671 | D:2      | Found a shadowy altar of Dithmenos.
  1678 | D:2      | Reached XP level 4. HP: 44/44 MP: 6/8
  1897 | D:2      | Found a basalt altar of Yredelemnul.
  2148 | D:3      | Reached skill level 3 in Fighting
  2288 | D:3      | Reached skill level 4 in Fighting
  2572 | D:3      | Reached XP level 5. HP: 54/54 MP: 4/9
  2972 | D:3      | Reached skill level 1 in Evocations
  3446 | D:4      | Reached skill level 1 in Armour
  3652 | D:4      | Found a staircase to the Ecumenical Temple.
  3656 | D:4      | Noticed a phantom
  3660 | Temple   | Entered the Ecumenical Temple
  3773 | Temple   | Became a worshipper of Warmaster Okawaru
  3860 | D:4      | Killed a phantom
  3860 | D:4      | Reached skill level 5 in Fighting
  3860 | D:4      | Reached skill level 1 in Invocations
  3860 | D:4      | Reached XP level 6. HP: 34/66 MP: 0/10
  4468 | D:4      | Reached skill level 6 in Fighting
  4564 | D:4      | Reached XP level 7. HP: 75/75 MP: 4/11
  4711 | D:5      | Entered Level 5 of the Dungeon
  4790 | D:5      | Reached * piety under Okawaru
  5011 | D:5      | Found a snail-covered altar of Cheibriados.
  5128 | D:5      | Reached skill level 7 in Fighting
  5178 | D:5      | Noticed Blork the orc
  5195 | D:5      | Killed Blork the orc
  5281 | D:5      | Found a shattered altar of Ashenzari.
  5302 | D:5      | Reached skill level 8 in Fighting
  5425 | D:5      | Reached XP level 8. HP: 88/88 MP: 3/12
  5599 | D:5      | Found a radiant altar of Vehumet.
  5654 | D:5      | Found a transporter.
  5668 | D:5      | Found a transporter.
  5710 | D:5      | Reached ** piety under Okawaru
  6120 | D:5      | Found Momyrcho's General Store.
  6127 | D:5      | Bought a scroll of remove curse for 42 gold pieces
  6602 | D:5      | Reached skill level 9 in Fighting
  6752 | D:6      | Found a hazy altar of Hepliaklqana.
  6752 | D:6      | Found a glowing golden altar of the Shining One.
  6752 | D:6      | Found a shimmering altar of Xom.
  7580 | D:6      | Reached XP level 9. HP: 88/98 MP: 2/13
  7736 | D:6      | Found a white marble altar of Elyvilon.
  8115 | D:7      | Reached skill level 5 in Maces & Flails
  8397 | D:7      | Noticed Joseph
  8405 | D:7      | Reached *** piety under Okawaru
  8429 | D:7      | Killed Joseph
  8429 | D:7      | Reached skill level 5 in Dodging
  8736 | D:7      | Reached skill level 10 in Fighting
  9947 | D:7      | Found a blossoming altar of Fedhas.
 10460 | D:8      | Noticed a two-headed ogre
 10512 | D:8      | Found Ame Geo's Gadget Boutique.
 10569 | D:8      | Found a flagged portal.
 10572 | Bailey   | Entered a bailey
 10808 | Bailey   | Reached **** piety under Okawaru
 10892 | Bailey   | Reached XP level 10. HP: 62/111 MP: 3/16
 11183 | Bailey   | Reached skill level 11 in Fighting
 11253 | Bailey   | Noticed an orc warlord
 11442 | Bailey   | Slain by an orc warlord

Illustrated notes

Levels and vault maps discovered:
D:1:      dpeg_arrival_solitude, layout_loops_ring
D:2:      layout_loops_corners, old_standard_altar, kiku_gazebo_pond_becter,
          grunt_temple_overflow_open, grunt_qazlal_clouds
D:3:      layout_basic
D:4:      minmay_chambers_of_fours, layout_rooms, minmay_temple_entry_glass,
          hangedman_feature_mirror
D:5:      gammafunk_wand_slinger, layout_loops_cross,
          nicolae_overflow_crystal_walls, cheibriados_altar_1,
          vehumet_altar_wand_db, serial_shops, nicolae_shop_window_shopping,
          minmay_crystal_water, uniq_blork_the_orc
D:6:      layout_basic, chequers_temple_overflow_statue_of_worship,
          elyvilon_altar_1
D:7:      layout_basic, fedhas_altar_fruit_tree, uniq_joseph
D:8:      layout_rooms, lemuel_crystal_altar, serial_shops, shop, enter_bailey_1
Temple:   compressed_dpeg_circular_temple
Bailey:   bailey_axe_minmay_hex_keep, bailey

Skill      XL: |  1  2  3  4  5  6  7  8  9 10 |
---------------+-------------------------------+-----
Dodging        | 2 3 4 6 |  6.0
Conjurations   | 4 |  4.0
Spellcasting   | 3 4 |  4.0
Fighting       | 1 2 4 5 6 8 9 10 11 | 11.0
Maces & Flails | 1 2 3 4 6 |  6.4
Evocations     | 1 2 |  2.0
Armour         | 1 2 |  2.0
Invocations    | 2 3 4 |  4.0
Stealth        | |  1.4

Action                   |  1- 3 |  4- 6 |  7- 9 | 10-12 || total
-------------------------+-------+-------+-------+-------++-------
Melee: Club              |       |    11 |       |       ||    11
       Whip              |       |    35 |   204 |    57 ||   296
 Cast: Magic Dart        |    60 |    95 |   177 |    26 ||   358
       Searing Ray       |       |     9 |    67 |     8 ||    84
Invok: Heroism           |       |       |     2 |     4 ||     6
Evoke: Wand              |       |       |    22 |     1 ||    23
  Use: Scroll            |     6 |     3 |     8 |     3 ||    20
       Potion            |       |       |     2 |     8 ||    10
 Stab: Distracted        |       |       |       |     1 ||     1
Armor: Robe              |     1 |    31 |    76 |     6 ||   114
       Skin              |       |       |     1 |       ||     1
Dodge: Dodged            |     1 |    30 |   142 |    27 ||   200

Table legend: (Time is in decaauts)
 A = Elapsed time spent in this place.
 B = Non-inter-level travel time spent in this place.
 C = Inter-level travel time spent in this place.
 D = Time resting spent in this place.
 E = Time spent auto-exploring this place.
 F = Levels seen in this place.
 G = Mean time per level.
                   A        B        C        D        E       F      G
               +--------+--------+--------+--------+--------+-----+--------+
         Total |  11383 |  10684 |    699 |   1037 |   8053 |  10 | 1138.3 |
       Dungeon |  10457 |   9796 |    661 |    878 |   7621 |   8 | 1307.1 |
        Temple |    123 |     85 |     38 |      0 |     84 |   1 |  123.0 |
        Bailey |    802 |    802 |      0 |    159 |    348 |   1 |  802.0 |
               +--------+--------+--------+--------+--------+-----+--------+

Top non-repeatable levels by time:
     D:6: 2079 daAuts
     D:5: 1889 daAuts
     D:7: 1717 daAuts
     D:4: 1362 daAuts
     D:3: 1213 daAuts
     D:2: 1127 daAuts
     D:1: 1049 daAuts
  Bailey: 802 daAuts
  Temple: 123 daAuts
     D:8: 16 daAuts
